 Dungeon Crawl Stone Soup version 0.31-a0-920-g28cbb04a8c (webtiles) character file.

Game seed: 2284582039263320199

189 Dirtsage the Ruffian (level 5, -6/35 HPs)
             Began as an Octopode Shapeshifter on Oct 17, 2023.
             Mangled by Grinder (11 damage)
             ... on level 3 of the Dungeon.
             The game lasted 00:05:11 (2177 turns).

Dirtsage the Ruffian (Octopode Shapeshifter)        Turns: 2177, Time: 00:05:11

Health: -6/35      AC:  1    Str: 15    XL:     5   Next: 68%
Magic:  5/5        EV: 13    Int: 13    God:
Gold:   168        SH:  0    Dex: 11    Spells: 4/4 levels left

rFire   . .          .
                       - Unarmed
rCold   . . .        (no shield)
rNeg    + . .        (helmet currently unavailable)
rPois   .            j - amulet of the acrobat
rElec   .            N - ring of positive energy
rCorr   .            (no ring)
SInv    .            (no ring)
Will    .....        (no ring)
Stlth   ++           (no ring)
HPRegen 0.25/turn    (no ring)
MPRegen 0.09/turn    (no ring)
                     (no ring)

%: acrobat
@: beast-form
A: beast (slay +2), almost no armour, amphibious, 8 rings, camouflage 1,
gelatinous body 1, (nimble swimmer 1), tentacles
a: Begin Untransformation


You were on level 3 of the Dungeon.
You were a hulking beast.
You visited 1 branch of the dungeon, and saw 3 of its levels.

You collected 168 gold pieces.

Inventory:

Armour
 l - a +0 kite shield
Jewellery
 j - an amulet of the acrobat (around mantle)
 N - a ring of positive energy (left tentacle)
Talismans
 b - a beast talisman (active)
 c - a flux talisman
Scrolls
 d - 2 scrolls of noise
 g - a scroll of enchant weapon
 h - a scroll of silence {unknown}
 k - a scroll of enchant armour
Potions
 a - a potion of lignification
 e - a potion of attraction {unknown}
 f - a potion of ambrosia {unknown}
 i - 2 potions of curing {unknown}


   Skills:
 + Level 2.3 Fighting
 - Level 2.0 Dodging
 * Level 4.5 Unarmed Combat
 * Level 4.3 Shapeshifting


You had 4 spell levels left.
You didn't know any spells.
Your spell library contained the following spells:

 Spells                   Type           Power      Damage    Failure   Level
 Apportation              Tloc           0%         N/A       30%         1
 Cigotuvi's Dreadful Rot  Necr/Pois/Air  0%         N/A       43%         2
 Jinxbite                 Hex            0%         N/A       43%         2
 Ignite Poison            Fire/Tmut/Pois 0%         N/A       67%         3
 Alistair's Intoxication  Tmut/Pois      0%         N/A       100%        5
 Freezing Cloud           Conj/Ice/Air   0%         6-21      100%        5


Dungeon Overview and Level Annotations

Branches:
Dungeon (3/15)

Altars:
Ru

Annotations:
D:3 1 runed translucent door, Grinder; zero's ghost, amateur MiFi


Innate Abilities, Weirdness & Mutations

You are a hulking beast.
Your limbs bulge with bestial killing power. (Slay +2)
You cannot wear most types of armour.
You are amphibious.
You can wear up to eight rings at the same time.
Your skin changes colour to match your surroundings (Stealth+).
Your rubbery body absorbs attacks. (AC +1, EV +1)
((You are camouflaged when in or above water. (Stealth+)))
You have tentacles for arms and can constrict up to eight enemies at once.


Message History

Grinder zaps a wand.
The puff of flame hits you!
You can move again.
You take 14 damage, and have 21/35 hp.
MASSIVE DAMAGE!!
Unknown command.
Unknown command.
Grinder barely misses you.
You tentacle-slap Grinder. You grab Grinder.
Grinder is lightly wounded.
You constrict Grinder, but do no damage.
Grinder blinks free!
You tentacle-slap Grinder. Your grab misses Grinder.
Grinder is moderately wounded.
Grinder closely misses you.
You barely miss Grinder. You grab Grinder.
You squeeze Grinder, but do no damage.
Grinder is moderately wounded.
You constrict Grinder, but do no damage.
Grinder hits you.
You writhe in agony.
You take 5 damage, and have 17/35 hp.
You tentacle-slap Grinder.
Grinder is moderately wounded.
You constrict Grinder. Grinder hits you.
You take 5 damage, and have 12/35 hp.
You bludgeon Grinder! You tentacle-slap Grinder.
Grinder is severely wounded.
You constrict Grinder. Grinder gestures at you.
You are unaffected.
You tentacle-slap Grinder.
Grinder is severely wounded.
You constrict Grinder. Grinder hits you.
* * * LOW HITPOINT WARNING * * *
You writhe in agony.
* * * LOW HITPOINT WARNING * * *
You take 7 damage, and have 5/35 hp.
You tentacle-slap Grinder.
Grinder is almost dead.
You constrict Grinder. Grinder hits you!
You die...
Grinder says, "Now the real fun starts!"

.#.#.#.# ... ...#.#.# ...
####.#.# #######+## ...
#.#.#.# #........##.#+##
#)#...# #........#......
##.###.###.............#
##.......'.............#
##.###.###......5.###...#
##.....# #####..h##⌠##...
##.##### #...##...##..
†..#### #..##W.?..##.
##....# #..#⌠..♣...+.
.#)##...# #..##..!..##.
...# #.# #...##...##.
##### # ##...##⌠##..
....## #....###.. .......


You could see Grinder and zero's ghost.

Vanquished Creatures
  Jessica (D:2)
  Natasha (thrice) (D:2)
  Robin (D:3)
  An adder (D:2)
  A worm (D:2)
  A dart slug (D:1)
  5 endoplasms
  3 giant cockroaches
  12 goblins
  7 hobgoblins
  3 kobolds
  3 quokkas
  6 ball pythons
  4 bats
  9 frilled lizards
  10 rats
70 creatures vanquished.

Notes
Turn   | Place    | Note
-------+----------+-------------------------------------------
     0 | D:1      | Dirtsage the Octopode Shapeshifter began the quest for the
                  | Orb.
     0 | D:1      | Reached XP level 1. HP: 13/13 MP: 1/1
   127 | D:1      | Reached XP level 2. HP: 18/18 MP: 2/2
   455 | D:1      | Reached XP level 3. HP: 19/23 MP: 3/3
   942 | D:2      | Noticed Jessica
   954 | D:2      | Killed Jessica
   955 | D:2      | Reached XP level 4. HP: 19/29 MP: 4/4
  1157 | D:2      | Noticed Natasha
  1168 | D:2      | Killed Natasha
  1278 | D:2      | Found a sacrificial altar of Ru.
  1756 | D:2      | Noticed Natasha
  1760 | D:2      | Killed Natasha
  1761 | D:2      | Reached XP level 5. HP: 34/34 MP: 5/5
  1762 | D:2      | Noticed Natasha
  1769 | D:2      | Killed Natasha
  1932 | D:3      | Identified the "Otipt"
  1932 | D:3      | Identified the "Xatodesm"
  1932 | D:3      | Identified the "Virua"
  1996 | D:3      | Noticed Robin
  2055 | D:3      | Killed Robin
  2159 | D:3      | Noticed zero's ghost (amateur MiFi)
  2159 | D:3      | Noticed Grinder
  2162 | D:3      | Found a runed translucent door.
  2164 | D:3      | Paralysed by Grinder for 5 turns
  2177 | D:3      | Mangled by Grinder

Illustrated notes

Levels and vault maps discovered:
D:1:      onia_arrival_mini_maze_b, layout_basic, minmay_misc_feat_tiny,
          chequers_serial_rivers_small_b, minmay_lizard_pond
D:2:      layout_loops_ring, serial_aquarium, aquarium_bridge_square
          [aquarium_subvault_window, aquarium_subvault_window,
          aquarium_subvault_window, aquarium_subvault_bridge],
          aquarium_window_corner, aquarium_window_fake, aquarium_view_4,
          basic_altar, minmay_rat_gold_closets, uniq_natasha, uniq_jessica
D:3:      layout_basic, nicolae_sif_muna_little_library, portal_sewer_entry_e,
          hellmonk_ghost_happy_afterlife, chequers_serial_rivers_marsh,
          minmay_misc_feat_ornament, uniq_grinder, uniq_crazy_yiuf_cottage,
          uniq_robin

Skill      XL: |  1  2  3  4 |
---------------+-------------+-----
Fighting       | 2 |  2.3
Unarmed Combat | 4 |  4.5
Shapeshifting  | 4 |  4.3
Dodging        | |  2.0

Action                     |  1- 3 |  4- 6 || total
---------------------------+-------+-------++-------
  Melee: Unarmed           |    56 |    76 ||   132
         Constrict         |    11 |    23 ||    34
         Punch             |     1 |     2 ||     3
         Tentacles         |     5 |    12 ||    17
    Use: Scroll            |       |     3 ||     3
   Stab: Sleeping          |     7 |    12 ||    19
         Distracted        |       |     1 ||     1
 Armour: Skin              |    18 |    26 ||    44
  Dodge: Dodged            |    24 |    45 ||    69

Table legend: (Time is in decaauts)
 A = Elapsed time spent in this place.
 B = Non-inter-level travel time spent in this place.
 C = Inter-level travel time spent in this place.
 D = Time resting spent in this place.
 E = Time spent auto-exploring this place.
 F = Levels seen in this place.
 G = Mean time per level.
                   A        B        C        D        E       F      G
               +--------+--------+--------+--------+--------+-----+--------+
         Total |   2165 |   2134 |     31 |     37 |   1696 |   3 |  721.7 |
       Dungeon |   2165 |   2134 |     31 |     37 |   1696 |   3 |  721.7 |
               +--------+--------+--------+--------+--------+-----+--------+

Top non-repeatable levels by time:
     D:2: 1077 daAuts
     D:1: 847 daAuts
     D:3: 241 daAuts
